Map: Echo LE (Void)

Players

Musumeci - Winner!

  • Race: Zerg Zerg
  • League: Diamond
  • Spawn Location: 11:00

JazZ

  • Race: Terran Terran
  • League: Diamond
  • Spawn Location: 5:00

VOD

Have the link to the VOD?

Description

Time

  • Played on: Dec. 22, 2016, 9:24 a.m.
  • Length: 16:49
Show
View Real Time Build Order
Export as new Build Order

Musumeci Zerg - Winner!

Build Orders: Hatch First 

Get SALT Encoding   

  12  0:06  Drone  
  13  0:13  Drone  
  14  0:16  Extractor  
  14  0:17  Drone  
  15  0:40  Hatchery  
  14  0:46  Extractor  
  14  0:49  Extractor  
  13  0:50  Drone  
  15  1:03  Spawning Pool  
  14  1:05  Extractor  
  14  1:09  Drone  
  14  1:23  Drone, Extractor  
  14  1:27  Overlord  
  16  1:46  Drone x2  
  18  1:49  Drone  
  18  1:51  Queen  
  21  1:57  Queen  
  23  2:02  Drone  
  24  2:14  Drone, Overlord  
  25  2:17  Drone  
  25  2:18  Drone  
  25  2:22  Drone  
  28  2:30  Spore Crawler  
  28  2:42  Queen  
  28  2:43  Queen  
  32  2:50  Drone x4  
  35  2:53  Drone  
  36  3:08  Overlord  
  36  3:10  Overlord  
  36  3:21  Overlord  
  36  3:29  Drone  
  36  3:30  Drone x6  
  43  3:53  Extractor  
  43  3:54  Extractor  
  43  3:55  Hatchery, Drone x8  
  49  3:56  Roach Warren  
  49  3:58  Overlord  
  49  4:02  Overlord  
  47  4:19  Evolution Chamber  
  47  4:21  Evolution Chamber  
  45  4:28  Overlord  
  45  4:29  Overlord  
  45  4:42  Roach  
  45  4:43  Roach x2  
  45  4:44  Roach  
  53  4:50  Roach  
  55  4:53  Extractor  
  55  4:56  Extractor  
  53  5:00  Drone x3  
  53  5:01  Drone  
  53  5:02  Drone  
  53  5:03  Drone  
  53  5:04  Drone x2  
  53  5:05  Roach x2  
  53  5:06  Roach  
  67  5:20  Lair  
  67  5:29  Zerg Missile Weapons Level 1  
  67  5:34  Drone x10  
  77  5:47  Zerg Ground Armor Level 1  
  77  5:52  Roach x2, Extractor  
  77  5:53  Extractor  
  79  6:01  Drone x2  
  79  6:03  Drone  
  82  6:25  Queen  
  72  6:33  Roach  
  72  6:34  Roach x4  
  78  6:40  Drone x3  
  81  6:47  Ravager x2  
  81  6:48  Ravager  
  81  6:54  Roach x3  
  90  7:00  Overlord  
  90  7:01  Overlord x2  
  90  7:02  Overlord x2  
  90  7:23  Zerg Missile Weapons Level 2  
  90  7:28  Drone x3  
  93  7:31  Spore Crawler x2  
  93  7:32  Spore Crawler  
  93  7:33  Drone x5  
  93  7:36  Drone x2  
  93  7:37  Drone x2  
  98  7:39  Ravager x3  
  98  7:43  Roach x6  
  114  8:14  Zerg Ground Armor Level 2  
  114  8:16  Roach  
  114  8:17  Roach x7  
  130  8:20  Overlord x3  
  130  8:28  Spore Crawler  
  130  8:30  Spore Crawler  
  128  8:39  Ravager x6  
  128  8:41  Glial Reconstitution  
  134  8:44  Drone x3  
  134  8:47  Hatchery, Extractor  
  136  8:48  Drone  
  136  8:49  Infestation Pit  
  136  8:51  Extractor  
  136  8:52  Roach x4  
  136  8:53  Overlord x6  
  142  8:56  Overlord x3  
  142  9:04  Drone x3  
  145  9:15  Roach  
  145  9:16  Roach x4  
  155  9:32  Ravager x10  
  155  9:33  Ravager x4  
  169  10:00  Roach  
  169  10:01  Roach x14  
  169  10:05  Hive  
  196  11:01  Overlord x2  
  193  11:46  Ravager x13  
  193  11:47  Ravager x4  
  184  11:56  Roach  
  184  11:57  Roach x7  
  188  12:24  Hatchery, Extractor  
  188  12:28  Extractor  
  164  12:53  Hatchery  
  159  12:58  Roach x5  
  159  12:59  Roach x7  
  151  13:29  Ravager x7  
  151  13:30  Ravager x10  
  151  13:33  Roach  
  151  13:34  Roach x12  
  182  13:39  Overseer x5  
  182  13:42  Queen  
  163  13:49  Roach x3  
  148  14:05  Roach  
  148  14:06  Roach x2  
  140  14:17  Roach x7  
  127  14:47  Roach x8  
  143  14:55  Roach x11  
  143  14:56  Roach  
  143  14:57  Roach  
  168  15:14  Ravager x15  
  168  15:15  Ravager x2  
Show
View Real Time Build Order
Export as new Build Order

JazZ Terran 

Build Orders: Reaper Expand, MMM Bio 

Get SALT Encoding   

  12  0:01  SCV  
  13  0:13  SCV  
  14  0:17  Supply Depot  
  14  0:25  SCV  
  15  0:39  SCV  
  15  0:42  Barracks  
  16  0:45  Refinery  
  16  0:51  SCV  
  17  1:03  SCV  
  18  1:15  SCV  
  19  1:30  Orbital Command, Reaper  
  20  1:46  Command Center  
  20  1:56  Barracks  
  20  2:00  SCV  
  21  2:03  Barracks Reactor  
  21  2:11  Refinery  
  21  2:12  SCV  
  22  2:22  Supply Depot  
  22  2:34  SCV  
  23  2:42  Factory  
  23  2:44  Marine  
  24  2:46  SCV  
  24  2:48  Marine, Barracks Tech Lab  
  26  2:58  SCV  
  26  3:03  Marine  
  28  3:06  Marine  
  28  3:08  Marine, Stimpack  
  28  3:11  SCV  
  31  3:22  Marine  
  31  3:24  SCV  
  33  3:27  Bunker  
  33  3:35  Marine  
  33  3:36  SCV  
  33  3:39  Orbital Command  
  35  3:49  Factory Reactor  
  35  3:50  Starport  
  35  3:56  Marine  
  35  3:57  Bunker  
  35  4:00  Marine  
  37  4:06  Supply Depot  
  37  4:07  SCV  
  38  4:13  Marine  
  38  4:14  Marine  
  38  4:15  SCV  
  41  4:19  SCV  
  42  4:27  SCV  
  42  4:30  Supply Depot  
  43  4:31  SCV  
  44  4:41  SCV  
  44  4:43  SCV  
  44  4:45  Supply Depot  
  46  4:47  Medivac  
  46  4:48  Medivac  
  50  4:53  Marine  
  50  4:54  Marine  
  50  4:56  SCV  
  50  4:59  SCV  
  54  5:04  Widow Mine  
  56  5:08  SCV  
  56  5:09  Combat Shields  
  56  5:11  SCV  
  58  5:19  Marine, Supply Depot  
  58  5:20  SCV, Marine x2  
  62  5:23  SCV  
  62  5:27  Medivac x2  
  67  5:34  SCV  
  67  5:35  SCV, Command Center  
  69  5:37  Marine  
  69  5:40  Marine x2  
  69  5:41  Supply Depot  
  72  5:46  SCV  
  72  5:47  SCV  
  74  5:58  SCV  
  74  5:59  SCV  
  74  6:01  Barracks  
  74  6:02  Supply Depot  
  74  6:03  Barracks  
  76  6:05  Marine x3  
  76  6:08  Refinery  
  76  6:10  SCV  
  80  6:12  SCV  
  80  6:14  Factory Reactor  
  81  6:22  Marine  
  81  6:23  Marauder, Marine  
  67  6:40  SCV, Marine x2  
  67  6:41  SCV  
  67  6:45  Marauder  
  67  6:46  Medivac x2  
  67  6:47  Concussive Shells  
  77  6:52  Barracks Reactor x2  
  77  6:53  SCV x2  
  79  6:58  Barracks, Marine x2  
  79  7:00  Widow Mine  
  83  7:05  SCV, Barracks  
  83  7:06  Marauder  
  86  7:14  Orbital Command  
  86  7:15  SCV  
  85  7:16  Marine x2  
  85  7:17  SCV  
  88  7:26  Medivac x2  
  88  7:27  SCV  
  88  7:28  Marauder  
  88  7:29  SCV  
  96  7:34  Marine x3  
  96  7:35  Marine x2  
  101  7:39  SCV  
  101  7:41  SCV  
  103  7:48  Marine  
  103  7:49  Widow Mine, Marauder  
  103  7:50  Barracks Tech Lab  
  108  7:52  Marine  
  108  7:55  Supply Depot x2  
  108  7:57  Marine x2  
  109  7:58  Refinery  
  109  8:04  Widow Mine  
  109  8:10  Marauder, Marine x2, Barracks Tech Lab  
  101  8:13  Factory  
  101  8:16  Marine x2  
  101  8:17  Marauder, Widow Mine  
  107  8:24  SCV x2  
  109  8:27  Refinery  
  109  8:29  Refinery  
  109  8:32  Marauder, Barracks x2  
  109  8:33  Widow Mine  
  113  8:34  Medivac x2  
  113  8:36  SCV x2  
  119  8:46  Widow Mine  
  122  8:48  SCV x2  
  122  8:49  Marauder  
  125  8:58  Factory Tech Lab  
  125  9:02  Supply Depot  
  125  9:03  Supply Depot x2  
  125  9:17  Engineering Bay  
  125  9:19  Engineering Bay  
  125  9:23  Widow Mine x2, Command Center  
  125  9:24  Widow Mine, Marauder x2, Marine x5, SCV  
  133  9:25  Marauder  
  133  9:27  Command Center, Supply Depot  
  133  9:28  Command Center, Supply Depot  
  133  9:30  Barracks Tech Lab x2  
  143  9:32  Medivac  
  143  9:36  SCV  
  148  9:46  Marauder x2, Terran Infantry Armor Level 1, Terran Infantry Weapons Level 1  
  148  9:48  SCV  
  148  9:52  Widow Mine x2, Supply Depot  
  153  9:56  Widow Mine  
  157  10:00  SCV  
  157  10:03  Supply Depot  
  157  10:04  Supply Depot  
  157  10:05  Supply Depot  
  157  10:06  Medivac x2, Supply Depot  
  162  10:13  SCV  
  163  10:20  Widow Mine, Supply Depot  
  165  10:21  Supply Depot  
  165  10:22  Supply Depot x2  
  165  10:29  Widow Mine x2  
  165  10:35  Command Center  
  169  10:36  Medivac x2  
  165  10:56  Widow Mine, Armory  
  163  10:58  Widow Mine x2  
  165  11:14  Marine  
  165  11:15  Marauder x3, Marine x3  
  175  11:25  Widow Mine  
  172  11:38  Widow Mine x2  
  174  11:43  Marauder x2, Marine x3  
  174  11:44  Marauder  
  172  11:49  Marine x2  
  172  11:50  Marauder x2, Marine, Supply Depot  
  172  11:53  Widow Mine  
  179  12:00  Marine  
  179  12:01  Marine  
  180  12:05  Marauder x3  
  180  12:06  Widow Mine  
  180  12:07  Widow Mine  
  190  12:11  Orbital Command  
  188  12:23  Terran Infantry Weapons Level 2  
  188  12:24  Terran Infantry Armor Level 2  
  155  12:35  Marauder x2, Widow Mine, Marine x6  
  155  12:36  Marauder x3, Widow Mine x2  
  168  12:52  Marine  
  168  12:53  Marine x4  
  168  12:54  Planetary Fortress  
  168  12:57  Marauder x3, SCV  
  155  13:04  Widow Mine  
  157  13:06  Marauder, Marine  
  157  13:07  Marauder  
  157  13:10  Marine x2  
  163  13:18  Marauder  
  133  13:43  Medivac x2  
  133  13:44  Widow Mine x3  
  121  14:03  Marauder x2, Marine x3  
  121  14:04  Marauder  
  128  14:12  Widow Mine  
  128  14:13  Medivac  
  128  14:14  Marine  
  128  14:15  Marauder  
  133  14:23  Marine x2  
  120  14:24  Marauder  
  120  14:25  Marauder  
  114  14:39  Marine  
  114  14:40  Marauder x3, Marine x3  
  114  14:41  Marine x2  
  122  14:45  Marauder  
  122  14:46  Marauder  
  124  14:57  Marine x2  
  124  14:58  Marine x2  
  124  14:59  Marine x2  
  130  15:01  Marauder  
  130  15:02  Marauder x2  
  137  15:07  Marauder, Marine  
  138  15:15  Marine x4  
  138  15:17  Marine x2  
  144  15:23  Marauder x3  
  144  15:25  Marauder  
  144  15:28  Marauder  
  154  15:33  Marine  
  139  15:36  Marine x3  
  140  15:44  Marauder x2  
  141  15:54  Marauder, Marine x3  
  141  15:55  Marauder x2  
  130  16:00  Marine  
  93  16:12  Marine x2  
  93  16:13  Marauder  
  93  16:14  Unknown x12  
  93  16:18  Marauder  
  66  16:26  Marauder  
Tags
 
Add a new tag
Caveats
  • Supply blocks, unpowered buildings, or Contaminate may cause inaccurate times.
  • Supply counts are checked every 10 seconds.